[Event "44th Chess Olympiad Women 2022"]
[Site "Chennai"]
[Date "2022.08.09"]
[Round "11.35"]
[White "O`Gorman, Alice"]
[Black "Roepke, Sofia"]
[Result "1-0"]
[ECO "D36"]
[WhiteElo "2043"]
[BlackElo "1869"]
[Annotator "NA RC"]
[PlyCount "83"]
[EventDate "2022.07.29"]
[EventType "team-tourn"]
[EventCountry "IND"]
[SourceTitle "playchess.com"]
[Source "ChessBase"]
[SourceQuality "1"]
[WhiteTeam "Ireland"]
[BlackTeam "Uruguay"]
[WhiteTeamCountry "IRL"]
[BlackTeamCountry "URU"]
[TimeControl "40/5400+30:1800+30"]

1. c4 e6 2. Nc3 d5 3. d4 Nf6 4. cxd5 exd5 5. Bg5 c6 6. Qc2 Be7 7. e3 Nbd7 8. Bd3 O-O 9. Nf3 Re8 10. O-O Nf8 11. Rab1 Ng6 12. b4 a6 13. a4 Bd6 14. h3 h6 15. Bxf6 Qxf6 16. e4 Nh4 17. Nxh4 Qxh4 18. e5 Be7 19. Ne2 Bd7 20. f4 Rec8 21. f5 Bg5 22. Kh2 Bd8 23. Rf4 Qe7 24. Rg4 f6 25. Nf4 fxe5 26. Ng6 Qf6 27. Nxe5 Bc7 28. Re1 Re8 29. Qc3 Rf8 30. Rg6 Qd8 31. Rf1 Be8 32. Rg3 Qf6 33. Kh1 Rd8 34. Rgf3 Qd6 35. Qd2 Bh5 36. g4 Be8 37. f6 Rxf6 38. Rxf6 gxf6 39. Qxh6 Qe7 40. Rxf6 Bxe5 41. Rf8+ Qxf8 42. Qh7# 1-0

[Event "44th Chess Olympiad Women 2022"]
[Site "Chennai"]
[Date "2022.08.09"]
[Round "11.35"]
[White "Mirza, Diana"]
[Black "Silvera, Pilar"]
[Result "1-0"]
[ECO "A00"]
[WhiteElo "1898"]
[BlackElo "1436"]
[Annotator "NA RC COMBH"]
[PlyCount "43"]
[EventDate "2022.07.29"]
[EventType "team-tourn"]
[EventCountry "IND"]
[SourceTitle "playchess.com"]
[Source "ChessBase"]
[SourceQuality "1"]
[WhiteTeam "Ireland"]
[BlackTeam "Uruguay"]
[WhiteTeamCountry "IRL"]
[BlackTeamCountry "URU"]
[TimeControl "40/5400+30:1800+30"]

1. b4 d5 2. Bb2 Qd6 3. a3 e5 4. Nf3 Nd7 5. e3 Ngf6 6. c4 c6 7. cxd5 cxd5 8. Qa4 e4 9. Nd4 Qb6 10. Nc3 Bd6 11. Qb3 O-O 12. Nxd5 Nxd5 13. Qxd5 Nf6 14. Qb5 Qd8 15. Be2 Re8 16. f4 exf3 17. Nxf3 Be7 18. O-O Ng4 19. Bc4 Bd6 20. Qh5 Nf6 21. Bxf7+ Kh8 22. Bxf6 1-0

[Event "44th Chess Olympiad Women 2022"]
[Site "Chennai"]
[Date "2022.08.09"]
[Round "11.35"]
[White "Quevedo, Andreina"]
[Black "Kanyamarala, Trisha"]
[Result "1/2-1/2"]
[ECO "B90"]
[WhiteElo "1841"]
[BlackElo "2270"]
[Annotator "RC"]
[PlyCount "102"]
[EventDate "2022.07.29"]
[EventType "team-tourn"]
[EventCountry "IND"]
[SourceTitle "playchess.com"]
[Source "ChessBase"]
[SourceQuality "1"]
[WhiteTeam "Uruguay"]
[BlackTeam "Ireland"]
[WhiteTeamCountry "URU"]
[BlackTeamCountry "IRL"]
[TimeControl "40/5400+30:1800+30"]

1. e4 c5 2. Nf3 d6 3. d4 cxd4 4. Nxd4 Nf6 5. Nc3 Nc6 6. f3 e5 7. Nb3 Be6 8. Be3 a6 9. Nd5 Nd7 10. Be2 Be7 11. O-O O-O 12. Qd2 Nc5 13. Rfd1 Rc8 14. c3 Re8 15. Nxe7+ Qxe7 16. Nxc5 dxc5 17. Qd6 Qxd6 18. Rxd6 Ne7 19. b3 Rc7 20. Rad1 Nc8 21. Rd8 Kf8 22. f4 exf4 23. Bxf4 Rc6 24. Bf3 h6 25. h4 Ke7 26. Rxe8+ Kxe8 27. Kf2 Nb6 28. c4 Nc8 29. Be5 g6 30. Bf6 Ne7 31. Bc3 b5 32. e5 Rc7 33. Ba5 Rd7 34. cxb5 axb5 35. Rxd7 Kxd7 36. Bd2 h5 37. Be2 Kc6 38. Bf3+ Bd5 39. Bg5 Nf5 40. g4 hxg4 41. Bxg4 Nd4 42. Be3 Nc2 43. Bd2 Be4 44. e6 fxe6 45. Bxe6 Nd4 46. Bf7 b4 47. Bxb4 cxb4 48. Ke3 Bd5 49. Bxg6 Ne6 50. h5 Nf8 51. Bd3 Bf7 1/2-1/2

[Event "44th Chess Olympiad Women 2022"]
[Site "Chennai"]
[Date "2022.08.09"]
[Round "11.35"]
[White "Malan, Lucia"]
[Black "Putar, Lara"]
[Result "0-1"]
[ECO "C06"]
[WhiteElo "1741"]
[BlackElo "1969"]
[Annotator "TA"]
[PlyCount "100"]
[EventDate "2022.07.29"]
[EventType "team-tourn"]
[EventCountry "IND"]
[SourceTitle "playchess.com"]
[Source "ChessBase"]
[SourceQuality "1"]
[WhiteTeam "Uruguay"]
[BlackTeam "Ireland"]
[WhiteTeamCountry "URU"]
[BlackTeamCountry "IRL"]
[TimeControl "40/5400+30:1800+30"]

1. e4 e6 2. d4 d5 3. Nd2 Nf6 4. e5 Nfd7 5. Bd3 c5 6. c3 Nc6 7. Ne2 cxd4 8. cxd4 f6 9. exf6 Nxf6 10. O-O Bd6 11. Nf3 Qc7 12. Bg5 O-O 13. Qc2 {[%emt 0:02:12] C06: French Tarrasch: 3...Nf6 4 e5 Nfd7 5 Bd3 main lines.} (13. Rc1 $14 {should be considered.}) 13... h6 14. Bh4 Qb6 15. Qd2 {[%emt 0:11:50] [#] White has an edge.} Nb4 $146 ({Predecessor:} 15... e5 16. dxe5 Nxe5 17. Nxe5 Bxe5 18. Bg3 Qxb2 19. Qxb2 Bxb2 20. Rab1 Ba3 21. Nf4 g5 22. Ng6 Re8 {½-½ (68) Mauro,L (2055)-Quattrocchi,G (2285) Italy 1996}) 16. Bb1 Bd7 17. a3 Ne4 (17... Nc6 $14) 18. Qe3 $1 $16 Nc6 19. Bxe4 dxe4 20. Qxe4 Rae8 (20... Qxb2 $2 21. Rfb1 Qxa1 22. Rxa1 $18) 21. Rfd1 (21. Bg3 $16 Ne7 22. Ne5 Bxe5 23. Bxe5) 21... Na5 (21... Qxb2 $2 22. Rdb1 Qxa1 23. Rxa1 $18) (21... Rf7 $14 {was preferrable.}) 22. b4 $1 Nc4 23. Ne5 (23. Rdc1 $16 Qb5 24. Qd3) 23... Nxe5 $11 {[%emt 0:01:08][%mdl 64] Remove Defender} 24. dxe5 Bc6 25. Rxd6 (25. Qd3 $11 Bxe5 26. Rac1) 25... Bxe4 $17 26. Rxb6 axb6 27. Nd4 {[%emt 0:01:03] [#]} (27. f3 $17 {was called for.} Bd3 28. Nd4) 27... Bc6 (27... Bxg2 $1 $19 {[%cal Of8f4][%mdl 512] has better winning chances. Threatens to win with ...Rf4!} 28. Kxg2 Rf4) 28. Rc1 {[%emt 0:02:43] Now White is beyond hope.} (28. f3 $17 {might work better.}) 28... Rf4 $19 29. Nxc6 {[%emt 0:00:49] aiming for Bg3.} Rxh4 {[%emt 0:00:36][%mdl 4096] Endgame KRR-KRN} ({Not} 29... bxc6 30. Bg3 (30. g3 $2 Rf3 $19) 30... Rd4 31. h4) 30. Na7 Re4 31. Nb5 (31. Nc8 $142 Rxe5 32. Nxb6) 31... Rxe5 32. Nd6 Rd8 33. f4 Re2 34. Nxb7 (34. Rc8 $142 Rxc8 35. Nxc8) 34... Rdd2 35. g3 Rg2+ 36. Kf1 Rxh2 (36... Rdf2+ $142 37. Ke1 Rxh2 38. Nd6 Ra2 39. Rc8+ Kh7 40. Rh8+ Kxh8 41. Nf7+ Kh7 42. Ng5+ hxg5 43. fxg5 Rh1#) 37. Kg1 Rdg2+ 38. Kf1 Rxg3 39. Nd8 Rh1+ 40. Kf2 Rxc1 41. Kxg3 {[%emt 0:30:04] KR-KN} Rc3+ 42. Kg4 Rxa3 {[%emt 0:00:08] Hoping for ...Re3.} 43. Nc6 Re3 44. Ne7+ Kf7 45. Nc8 Rb3 46. Nxb6 Rxb4 {[%emt 0:00:00] Black mates.} 47. Nd7 g5 48. Ne5+ Kg7 49. Kh5 Rxf4 50. Ng6 Ra4 {[%emt 0:00:00] Weighted Error Value: White=1.29/Black=0.35} 0-1

[Event "44th Chess Olympiad Women 2022"]
[Site "Chennai"]
[Date "2022.08.09"]
[Round "11.36"]
[White "Azhar, Puteri Munajjah Az-Z"]
[Black "Ferrufino, Michelle"]
[Result "1-0"]
[ECO "A12"]
[WhiteElo "2018"]
[BlackElo "1811"]
[Annotator "NA RC"]
[PlyCount "69"]
[EventDate "2022.07.29"]
[EventType "team-tourn"]
[EventCountry "IND"]
[SourceTitle "playchess.com"]
[Source "ChessBase"]
[SourceQuality "1"]
[WhiteTeam "Malaysia"]
[BlackTeam "Nicaragua"]
[WhiteTeamCountry "MAS"]
[BlackTeamCountry "NCA"]
[TimeControl "40/5400+30:1800+30"]

1. d4 d5 2. c4 c6 3. e3 Nf6 4. Nf3 Bf5 5. Be2 e6 6. O-O h6 7. b3 Be7 8. Bb2 Nbd7 9. Nbd2 O-O 10. h3 a5 11. a3 Bd6 12. c5 Bc7 13. b4 axb4 14. axb4 Qe7 15. b5 e5 16. b6 Rxa1 17. Qxa1 Bb8 18. dxe5 Ne4 19. Nb3 Re8 20. Rc1 Nxe5 21. Nxe5 Bxe5 22. Bxe5 Qxe5 23. Qxe5 Rxe5 24. Na5 Re7 25. Ba6 bxa6 26. b7 Rxb7 27. Nxb7 Nd2 28. Na5 Bd3 29. Rd1 Nc4 30. Nxc6 Be4 31. Ne7+ Kf8 32. Nxd5 a5 33. Nb6 Nb2 34. Rd2 Nd3 35. c6 1-0

[Event "44th Chess Olympiad Women 2022"]
[Site "Chennai"]
[Date "2022.08.09"]
[Round "11.36"]
[White "Chong, Kai Ni Agnes"]
[Black "Granados Ortiz, Maria Jose"]
[Result "1-0"]
[ECO "D13"]
[WhiteElo "1909"]
[BlackElo "1753"]
[Annotator "NA RC"]
[PlyCount "189"]
[EventDate "2022.07.29"]
[EventType "team-tourn"]
[EventCountry "IND"]
[SourceTitle "playchess.com"]
[Source "ChessBase"]
[SourceQuality "1"]
[WhiteTeam "Malaysia"]
[BlackTeam "Nicaragua"]
[WhiteTeamCountry "MAS"]
[BlackTeamCountry "NCA"]
[TimeControl "40/5400+30:1800+30"]

1. d4 d5 2. Nf3 Nf6 3. c4 c6 4. cxd5 cxd5 5. Nc3 e6 6. Bf4 Bd6 7. Bg3 O-O 8. e3 a6 9. a4 Qe7 10. Ne5 Nbd7 11. Bd3 Ne8 12. Qc2 f5 13. f4 Nef6 14. Bh4 Qe8 15. O-O Be7 16. Rf3 Nxe5 17. fxe5 Ne4 18. Bxe7 Qxe7 19. Raf1 Ng5 20. Rf4 Bd7 21. Qe2 Nf7 22. g4 Qg5 23. Kh1 Nh6 24. gxf5 Nxf5 25. Rg1 Qd8 26. Qh5 Be8 27. Qg4 g6 28. Bxf5 exf5 29. Rxf5 Bd7 30. e6 Bc6 31. Rgf1 Rxf5 32. Rxf5 Qd6 33. Rf7 Rf8 34. Qf3 Be8 35. Rxf8+ Qxf8 36. Kg2 Bc6 37. Qg3 Qf5 38. Qb8+ Kg7 39. Qc7+ Kh6 40. e7 Qg5+ 41. Kf2 Qf5+ 42. Qf4+ Qxf4+ 43. exf4 Kg7 44. Nxd5 Kf7 45. Nc3 Kxe7 46. d5 Bd7 47. Ke3 Kd6 48. Kd4 b6 49. b4 a5 50. b5 Bf5 51. Ne4+ Ke7 52. Ke5 h5 53. d6+ Kd8 54. Nc3 Bc2 55. Ke6 Bf5+ 56. Ke5 Bc2 57. d7 Kxd7 58. Nd5 Bb3 59. Nxb6+ Kc7 60. Nd5+ Kb7 61. Nc3 Bc2 62. Kd6 Kb6 63. Kd5 Bb3+ 64. Kd4 Bc2 65. Kc4 Kb7 66. Kc5 Bf5 67. Nd5 Bc2 68. Nb6 Bb3 69. Nc4 Bxa4 70. Nxa5+ Kc8 71. b6 Bc2 72. Nc4 Kb8 73. Nd6 Ba4 74. Nc4 Bc2 75. Na5 Be4 76. Kd4 Bc2 77. Kd5 Bf5 78. Nc4 Bc2 79. Nd6 Bd3 80. Kc6 Bc2 81. b7 Ba4+ 82. Kb6 Bc2 83. Nc8 Be4 84. Ne7 Bxb7 85. Nxg6 Be4 86. Ne7 Bb1 87. Kc6 Ba2 88. Nd5 Kc8 89. h4 Kd8 90. Kd6 Bc4 91. f5 Be2 92. Nf4 Bg4 93. Ke6 Ke8 94. Kf6 Kf8 95. Kg6 1-0

[Event "44th Chess Olympiad Women 2022"]
[Site "Chennai"]
[Date "2022.08.09"]
[Round "11.36"]
[White "Granados Diaz, Maria Esther"]
[Black "Foudzi, Siti Zulaikha"]
[Result "1-0"]
[ECO "B06"]
[WhiteElo "1888"]
[BlackElo "2188"]
[Annotator "RC"]
[PlyCount "117"]
[EventDate "2022.07.29"]
[EventType "team-tourn"]
[EventCountry "IND"]
[SourceTitle "playchess.com"]
[Source "ChessBase"]
[SourceQuality "1"]
[WhiteTeam "Nicaragua"]
[BlackTeam "Malaysia"]
[WhiteTeamCountry "NCA"]
[BlackTeamCountry "MAS"]
[TimeControl "40/5400+30:1800+30"]

1. e4 g6 2. d4 Bg7 3. Nc3 d6 4. Be3 e6 5. Qd2 h6 6. Be2 Ne7 7. f4 b6 8. Nf3 Bb7 9. O-O-O Nd7 10. d5 exd5 11. Nxd5 Nxd5 12. exd5 Nf6 13. Bb5+ Kf8 14. Bc4 b5 15. Bb3 a5 16. a3 Qd7 17. Bd4 Kg8 18. h3 Kh7 19. g4 Ne4 20. Qg2 a4 21. Ba2 b4 22. Ng5+ Nxg5 23. fxg5 Bxd4 24. Rxd4 b3 25. cxb3 axb3 26. Bxb3 hxg5 27. Qd2 c5 28. Rd3 Qe7 29. Rf3 Ba6 30. Re1 Qb7 31. Qxg5 Rhe8 32. Rfe3 Rxe3 33. Rxe3 Kg7 34. Bc2 Ra7 35. h4 Bc4 36. h5 Qxd5 37. h6+ Kh7 38. Qf6 Qd4 39. Qf3 Rb7 40. Bxg6+ Kxh6 41. Qh3+ Kxg6 42. Qh5+ Kg7 43. Qg5+ Kf8 44. Qh6+ Qg7 45. Re8+ Kxe8 46. Qxg7 Be6 47. g5 Re7 48. a4 Bf5 49. Qf6 Be6 50. a5 Ra7 51. g6 Rxa5 52. b4 cxb4 53. g7 Rc5+ 54. Kb2 Rc8 55. g8=Q+ Kd7 56. Qgg5 b3 57. Qb5+ Rc6 58. Qf3 d5 59. Qc3 1-0

[Event "44th Chess Olympiad Women 2022"]
[Site "Chennai"]
[Date "2022.08.09"]
[Round "11.36"]
[White "Alvarez Gutierrez, Patricia"]
[Black "Azhar, Puteri Rifqah Fahada"]
[Result "1/2-1/2"]
[ECO "D60"]
[WhiteElo "1715"]
[BlackElo "1940"]
[Annotator "TA"]
[PlyCount "60"]
[EventDate "2022.07.29"]
[EventType "team-tourn"]
[EventCountry "IND"]
[SourceTitle "playchess.com"]
[Source "ChessBase"]
[SourceQuality "1"]
[WhiteTeam "Nicaragua"]
[BlackTeam "Malaysia"]
[WhiteTeamCountry "NCA"]
[BlackTeamCountry "MAS"]
[TimeControl "40/5400+30:1800+30"]

1. d4 d5 2. c4 c6 3. Nc3 Nf6 4. Nf3 e6 5. Bg5 Be7 6. e3 Nbd7 7. Bd3 O-O 8. O-O Re8 9. Qc2 h6 10. Bh4 Nh5 {[%emt 0:04:49] D60: Queen's Gambit Declined: Classical: Unusual White 7th moves.} 11. Bxe7 Qxe7 12. Ne5 {[%emt 0:00:59] [#]} Nhf6 $146 {[%emt 0:00:56] Prevents Bh7+.} ({Predecessor:} 12... dxc4 13. Be2 Nhf6 14. Bxc4 Nxe5 15. dxe5 Nd7 16. Qe4 Nc5 17. Qf4 Qg5 18. Qxg5 hxg5 {0-1 (78) Illgen,A (2022)-Schulz,B Mecklenburg VP 2011}) 13. f4 dxc4 14. Bxc4 Nb6 15. Bd3 {[%emt 0:01:08] White is much more active. The black rooks are badly placed.} Bd7 ({Better is} 15... Nbd5 $14) 16. Rac1 (16. g4 $1 $16) 16... Rac8 {[%emt 0:03:36] [#]} (16... c5 $14) 17. Ne4 ({White has to play} 17. g4 $1 $16 ) 17... Nbd5 {[%emt 0:06:04] [#] Hoping for ...Nxe4.} 18. Qe2 ({White should play} 18. Ng5 $1 $14 hxg5 19. fxg5) 18... Nxe4 $11 19. Bxe4 Nf6 20. Bf3 Red8 21. Rc5 Be8 22. Rfc1 Nd7 23. Nxd7 Bxd7 24. R5c3 Rc7 25. Be4 Rdc8 26. Bb1 g6 27. Bd3 Kg7 28. Qc2 {[%emt 0:00:40] White is slightly better.} Be8 29. a3 Bd7 30. Be4 Rh8 {[%emt 0:02:29] Weighted Error Value: White=0.27 (precise) /Black=0.19 (very precise)} 1/2-1/2

[Event "44th Chess Olympiad Women 2022"]
[Site "Chennai"]
[Date "2022.08.09"]
[Round "11.37"]
[White "Cordero, Daniela"]
[Black "Antonova, Nadezhda"]
[Result "0-1"]
[ECO "E63"]
[WhiteElo "2005"]
[BlackElo "1832"]
[Annotator "TA"]
[PlyCount "260"]
[EventDate "2022.07.29"]
[EventType "team-tourn"]
[EventCountry "IND"]
[SourceTitle "playchess.com"]
[Source "ChessBase"]
[SourceQuality "1"]
[WhiteTeam "Bolivia"]
[BlackTeam "Tajikistan"]
[WhiteTeamCountry "BOL"]
[BlackTeamCountry "TJK"]
[TimeControl "40/5400+30:1800+30"]

1. d4 Nf6 2. Nf3 g6 3. c4 Bg7 4. g3 O-O 5. Bg2 d6 6. O-O Nc6 7. Nc3 a6 8. Re1 {[%emt 0:00:45] 8.Bf4 is the recent fashion.} Rb8 9. Rb1 b5 10. cxb5 {[%emt 0:00:40] E63: King's Indian: Fianchetto: Panno Variation with 7...a6.} axb5 11. b4 e5 12. d5 {[%emt 0:09:48] The position is equal.} Ne7 13. e4 Bd7 14. Bf1 h6 {[%emt 0:11:24] [#]} 15. a4 $146 ({Predecessor:} 15. Qc2 c6 16. Qd1 cxd5 17. exd5 Qb6 18. Bg2 Rfc8 19. Bb2 Nf5 20. Nd2 Nd4 21. Nb3 {0-1 (66) Suarez,J (2173)-Weinstein,N (2450) Chess.com INT 2018}) 15... bxa4 16. b5 Nh7 17. Ba3 Nc8 18. Nd2 f5 19. exf5 gxf5 20. Nxa4 Kh8 (20... Qe8 $15) 21. Qc2 (21. b6 $5) 21... Nf6 (21... Rb7 $15) 22. Nc3 (22. b6 $5 cxb6 23. Nc3 $11) 22... Nb6 23. Qb3 Ng4 24. Nc4 f4 25. Ne4 fxg3 (25... Nxd5 26. Ncxd6 $1 fxg3 27. hxg3 $1 cxd6 28. Qxd5 $16) 26. hxg3 (26. fxg3 $11 Nxc4 27. Qxc4) 26... Qe8 (26... Nxd5 27. Ncxd6 $1 Be6 28. Nc4 $16) ({Black should play} 26... Nxc4 $17 27. Bxc4 Qe8) 27. f3 (27. Ne3 $1 $11) 27... Nf6 (27... Nxc4 {keeps more tension.} 28. fxg4 Nxa3 29. Qxa3 Bxg4 30. b6 cxb6 31. Qxd6 Qf7) 28. Ncxd6 cxd6 29. Bxd6 {[%emt 0:00:03] [#]} Nxe4 (29... Nbxd5 $6 30. Rbd1 $11) ({Better is} 29... Qg6 $1 $17 {Strongly threatening ...Nxe4.} 30. Bxb8 (30. Bxf8 Bxf8 31. Qb2 Bf5 $17) 30... Rxb8) 30. fxe4 $15 {[%emt 0:00:09] [#]} Rg8 31. Bxb8 $14 Qxb8 (31... Bf8 $5 32. Qe3 Qxb8 $14) 32. Qe3 Bf8 33. Kg2 Qd6 {[%emt 0:01:36][%mdl 1024] Black has compensation.} 34. Rec1 Qg6 (34... h5 $5 35. Qf3 Qh6 $15) 35. Be2 Be7 36. Rh1 {[%emt 0:00:44] [#]} (36. Rc6 $1 $11 Bxc6 37. dxc6) 36... Bg5 $1 $19 37. Qf3 Bf4 $1 {[%emt 0:00:59] This bishop pair is nice.} 38. Kf1 $2 (38. Rbg1) 38... Bxg3 39. Rb3 Bf4 {[%emt 0:01:41] aiming for ...Na4.} 40. Rc3 {[%emt 0:00:47] [#]} Nxd5 $1 41. exd5 Qb1+ (41... Bd2 $19 {White must now prevent ...e4.} 42. Rc4 e4 43. Rxe4 Qg7) 42. Kf2 $11 Qb4 {[%emt 0:00:42] Threatens to win with ...Rf8.} 43. Rc4 $1 Qd6 {[%emt 0:00:47] Chess con chili.} 44. Rxf4 {[%emt 0:03:25] Threatening mate with Rf6.} exf4 45. Qc3+ Rg7 46. Ke1 (46. Ra1 $5 Qg6 47. Ra8+ (47. Ke1 f3 $11) 47... Kh7 48. Bd3 $16) 46... Kg8 47. Qd4 $2 (47. Rf1 $1 $11 {and White stays safe.}) 47... Qg6 $2 (47... f3 $1 $19 48. Bd3 f2+ 49. Kd2 Rg4 50. Qxf2 Qb4+ 51. Kd1 Qb3+ 52. Qc2 Qxd5) 48. Rf1 {[%emt 0:00:41] Kd2 is the strong threat.} Qb1+ 49. Kf2 Qg6 50. Ke1 (50. Qxg7+ $5 Kxg7 51. Rg1 Qxg1+ 52. Kxg1 $14) 50... Qb1+ 51. Kf2 Qb3 52. Qd3 (52. Rg1 $2 Qe3+ 53. Qxe3 fxe3+ 54. Kf3 Rxg1 $19) 52... Qb4 {[%emt 0:01:32][%cal Of4f3] And now ...f3! would win.} 53. Rd1 $2 {[%emt 0:01:10][%mdl 8192] White is on the road to losing.} (53. Qc4 $11 Qd2 54. d6+ Kh8 55. Qd3) 53... Qe7 54. Rh1 {[%emt 0:00:40] Against Qh4+} Qc5+ 55. Kf1 f3 (55... Bxb5 56. Qxb5 Qc1+ 57. Kf2 Qe3+ 58. Kf1 (58. Ke1 Qc1+ 59. Kf2 Qe3+ 60. Kf1 Qc1+ 61. Kf2 $11) 58... Qc1+ 59. Kf2 Qe3+ 60. Kf1 (60. Ke1 Qc1+ 61. Kf2 $11) 60... Qc1+ $11) 56. Qxf3 Rf7 (56... Bxb5 $142 57. Ke1 Qb4+ 58. Kf2 Rf7 59. Rg1+ Kf8) 57. Rg1+ Kf8 $1 58. Rg3 {[%emt 0:00:29] Against Bh3+} Bxb5 59. Bxb5 Qxb5+ 60. Kg2 Rxf3 61. Rxf3+ {[%emt 0:00:02] KQ-KR} Ke7 62. Rf5 Qb1 63. Rf4 Qd3 64. Kf2 Qxd5 65. Kg3 Qg5+ 66. Rg4 Qe3+ 67. Kh4 Qf2+ 68. Kh5 Qf5+ 69. Kh4 Kf6 70. Kg3 Ke5 71. Kh4 Qf3 72. Rg3 Qf4+ 73. Kh3 h5 74. Rg2 Qf3+ 75. Kh2 Ke4 76. Rg3 Qf2+ 77. Kh3 Kf4 78. Rg2 Qf1 79. Kh2 Qf3 80. Rg1 Qf2+ 81. Rg2 Qh4+ 82. Kg1 Kf3 83. Rg8 Qd4+ 84. Kh2 Qe5+ 85. Kh1 Qd5 86. Rg6 h4 87. Kh2 Qe5+ 88. Kh1 Qd5 89. Kh2 Qd2+ {[%emt 0:00:15] Black mates.} 90. Kh3 Qd7+ 91. Kxh4 Qe7+ 92. Kh5 Qe5+ 93. Rg5 Qh8+ 94. Kg6 Kf4 95. Rf5+ Ke4 96. Rg5 Qg8+ 97. Kf6 Qd8+ 98. Kg6 Qd6+ 99. Kh5 Qf6 100. Rg4+ Kf3 ({And not} 100... Kf5 101. Rf4+ Kxf4 $11) 101. Rg3+ Kf2 102. Rg6 Qf5+ 103. Kh6 Kf3 104. Kg7 Qd7+ 105. Kh6 Kf4 106. Rf6+ Ke5 107. Rg6 Qe7 108. Rg5+ Kf4 109. Rg6 Kf5 110. Ra6 Qe3+ 111. Kg7 Qd4+ 112. Kh7 Qh4+ 113. Kg7 Qg3+ 114. Kh7 Qh2+ 115. Kg7 Qg1+ 116. Kh7 Qh1+ 117. Rh6 Qb7+ 118. Kg8 Kg5 119. Rh7 Qd5+ 120. Kg7 Qd7+ 121. Kg8 Qe8+ 122. Kg7 Qg6+ 123. Kh8 Qf6+ 124. Kg8 Qd8+ ({Stronger than} 124... Kg6 125. Rh6+ Kxh6 $11) 125. Kg7 Qe8 126. Rh8 Qe5+ 127. Kh7 Qe7+ 128. Kg8 Qe6+ 129. Kf8 Qd7 130. Kg8 Kg6 {[%emt 0:00:26] Weighted Error Value: White=0.78/Black=0.48} 0-1

[Event "44th Chess Olympiad Women 2022"]
[Site "Chennai"]
[Date "2022.08.09"]
[Round "11.37"]
[White "Molina, Jessica"]
[Black "Saidova, Rukhshona"]
[Result "1/2-1/2"]
[ECO "A03"]
[WhiteElo "1889"]
[BlackElo "1624"]
[Annotator "NA RC COMBH"]
[PlyCount "113"]
[EventDate "2022.07.29"]
[EventType "team-tourn"]
[EventCountry "IND"]
[SourceTitle "playchess.com"]
[Source "ChessBase"]
[SourceQuality "1"]
[WhiteTeam "Bolivia"]
[BlackTeam "Tajikistan"]
[WhiteTeamCountry "BOL"]
[BlackTeamCountry "TJK"]
[TimeControl "40/5400+30:1800+30"]

1. f4 d5 2. Nf3 c5 3. b3 Bg4 4. e3 Nf6 5. Bb2 e6 6. Be2 Nc6 7. d3 Bd6 8. O-O O-O 9. Nbd2 Re8 10. Ne5 Bxe2 11. Qxe2 Nd7 12. Ndf3 f6 13. Nxc6 bxc6 14. c4 e5 15. fxe5 Nxe5 16. Nh4 g6 17. Rad1 Bf8 18. Rfe1 Bg7 19. Nf3 Ng4 20. e4 d4 21. Nxd4 Nxh2 22. Nxc6 Qc7 23. e5 Qxc6 24. Kxh2 fxe5 25. Qe4 Qd6 26. g3 a5 27. Re2 a4 28. Rde1 axb3 29. axb3 Rab8 30. Qd5+ Qxd5 31. cxd5 Rxb3 32. Bxe5 Bxe5 33. Rxe5 Rxe5 34. Rxe5 Rxd3 35. d6 c4 36. Rc5 Rxd6 37. Rxc4 Rd7 38. Rc6 Kg7 39. Ra6 Rf7 40. Rb6 h5 41. Ra6 g5 42. Kg2 Rf6 43. Ra5 Kg6 44. Rb5 g4 45. Ra5 Rb6 46. Rc5 Rb2+ 47. Kg1 Rb3 48. Kg2 Rf3 49. Ra5 Rf5 50. Ra6+ Kg5 51. Rb6 h4 52. gxh4+ Kxh4 53. Rh6+ Kg5 54. Ra6 Rc5 55. Ra8 Re5 56. Rg8+ Kf4 57. Rf8+ 1/2-1/2